 Dungeon Crawl Stone Soup version 0.30.0-29-ga12c61a403 (webtiles) character file.

Game seed: 8550209943653350796

4645 qw the Blocker (level 10, -7/61 HPs)
             Began as a Gargoyle Fighter on June 5, 2023.
             Was an Initiate of Okawaru.
             Mangled by Erolcha
             ... wielding a +0 giant club
              (25 damage)
             ... on level 10 of the Dungeon.
             The game lasted 00:03:41 (8682 turns).

qw the Blocker (Gargoyle Fighter)                   Turns: 8682, Time: 00:03:41

Health: -7/61      AC: 25    Str: 24    XL:     10   Next: 43%
Magic:  10/10      EV: 10    Int:  9    God:    Okawaru [......]
Gold:   338        SH: 21    Dex: 11    Spells: 9/9 levels left

rFire   . . .        Y - +1 broad axe
rCold   . . .        u - +0 tower shield
rNeg    + . .        t - +0 plate armour
rPois   inf          x - +2 hat
rElec   +            n - +0 cloak
rCorr   .            f - +0 pair of gloves
SInv    .            e - +0 pair of boots {Stlth+}
Will    .....        c - amulet of reflection Stlth
                     q - +5 ring of evasion
HPRegen 0.30/turn    a - ring "Petouss" {Dex+2 Slay+4 Stlth+}
MPRegen 0.12/turn

%: reflection
@: no status effects
A: sickness immunity, AC +7, negative energy resistance 1, electricity
resistance, torment resistance 1, petrification resistance
a: Renounce Religion


You were on level 10 of the Dungeon.
You worshipped Okawaru.
Okawaru was noncommittal.
You visited 2 branches of the dungeon, and saw 11 of its levels.

You collected 1329 gold pieces.
You spent 991 gold pieces at shops.


Innate Abilities, Weirdness & Mutations

You are immune to sickness and miasma.
Your stone body is resilient. (AC +7)
You are immune to poison.
You resist negative energy. (rN+)
You are resistant to electric shocks. (rElec)
You are resistant to unholy torment.
You are immune to petrification.


   Skills:
 - Level 6.7 Fighting
 + Level 8.4 Axes
 - Level 2.0 Throwing
 - Level 5.0 Armour
 - Level 1.5 Dodging
 - Level 11.0 Shields


You had 9 spell levels left.
You didn't know any spells.
Your spell library was empty.

Inventory:

Hand Weapons
 j - a +3 flail of freezing
 Y - a +1 broad axe (weapon)
Missiles
 h - 4 javelins (quivered)
 l - 5 boomerangs
 r - 6 silver boomerangs
Armour
 e - a +0 pair of boots of stealth (worn)
 f - a +0 pair of gloves (worn)
 n - a +0 cloak (worn)
 t - a +0 plate armour (worn)
 u - a +0 tower shield (worn)
 x - a +2 hat (worn)
Jewellery
 a - the ring "Petouss" (right hand) {Dex+2 Slay+4 Stlth+}
   (You acquired it on level 1 of the Dungeon)

   [ring of slaying]

   Dex:       It affects your dexterity (+2).
   Slay:      It affects your accuracy & damage with ranged weapons and melee
   (+4).
   Stlth:     It makes you more stealthy.
 c - an amulet of reflection (around neck)
 g - a ring of ice
 q - a +5 ring of evasion (left hand)
Wands
 k - a wand of digging (1)
Scrolls
 o - a scroll of identify
 y - a scroll of teleportation
Potions
 d - 2 potions of might
 i - 4 potions of attraction
 m - 3 potions of magic
 p - a potion of cancellation
 s - 2 potions of heal wounds
 v - a potion of mutation
 w - a potion of lignification
 A - a potion of haste
 B - a potion of curing

Dungeon Overview and Level Annotations

Branches:
Dungeon (10/15)            Temple (1/1) D:6
   Lair: D:8-11         Orc: D:9-12

Altars:
Ashenzari
Cheibriados
Dithmenos
Elyvilon
Fedhas
Gozag
Kikubaaqudgha
Makhleb
Okawaru
Qazlal
Sif Muna
Trog
Uskayaw
Vehumet
Xom
Yredelemnul
Zin
The Shining One

Shops:
D:3 =   D:5 *!?   D:9 *

Annotations:
D:5 1 runed translucent door, Crazy Yiuf
D:10 Erolcha


Message History

Okawaru accepts your kill.
You start waiting.
Erolcha the Cunning comes into view.
She is wielding a +0 giant club.
Erolcha casts a spell at you. You resist with some effort.
An ogre comes into view. It is wielding a +0 giant club.
Erolcha casts a spell.
Erolcha flickers and vanishes!
Deactivating autopickup; reactivate with Ctrl-A.
You hit the ogre.
The ogre is lightly wounded.
You slash something! Something hits you but does no damage.
The ogre completely misses you.
You slash the ogre!
The ogre is heavily wounded.
You hit something but do no damage. You block something's attack.
The ogre hits you with a +0 giant club!
You slash the ogre!
You kill the ogre!
Okawaru accepts your kill.
You hit something. You block something's attack.
You slash something! You barely miss something. Something hits you!
You slash something! Something hits you!!
You closely miss something.
The sentinel's mark upon you fades away.
Something hits you but does no damage.
You miss something.
You hear some strange, mumbled words.
You swing at nothing.
You swing at nothing.
You swing at nothing.
You slash something! You block something's attack.
You completely miss something. Something hits you!!
You die...

.......#####
...........
#..........
#..........
#..........
#.........>
#..........
#.....#####
#######@#####..
......).'....._
......(.#####.. ##
#######.....#####...
#####.........
##.#.####
#########....####
.......<..........
####..############


There were no monsters in sight!

Vanquished Creatures
  Pikel (D:7)
  Sigmund (D:5)
  4 yaks (D:9)
  Menkaure (D:5)
  2 water moccasins
  4 orc warriors
  2 sky beasts
  2 ice beasts (D:7)
  A centaur (D:9)
  2 ogres
  6 bullfrogs
  3 scorpions
  10 wights
  5 killer bees (D:5)
  3 howler monkeys
  A hound (D:5)
  3 sleepcaps
  3 orc priests
  A jelly (D:6)
  2 iguanas
  8 orc wizards
  3 gnolls (D:1)
  8 adders
  A shadow imp (D:7)
  2 white imps (D:8)
  A worm (D:2)
  2 dart slugs
  37 orcs
  3 bats
  6 endoplasms
  A giant cockroach (D:4)
  8 goblins
  10 hobgoblins
  3 jackals (D:2)
  8 kobolds
  3 quokkas
  7 ball pythons
  6 frilled lizards
  7 rats
181 creatures vanquished.

Vanquished Creatures (others)
  An orc wizard (D:6)
  An adder (D:6)
2 creatures vanquished.

Grand Total: 183 creatures vanquished

Notes
Turn   | Place    | Note
-------+----------+-------------------------------------------
     0 | D:1      | qw the Gargoyle Fighter began the quest for the Orb.
     0 | D:1      | Reached XP level 1. HP: 14/14 MP: 1/1
     0 | D:1      | 0 ||| qw: Version: 0.2-a-108-gee2c290
     0 | D:1      | 0 ||| qw: Game counter: 1408
     0 | D:1      | 0 ||| qw: Always use a shield: true
     0 | D:1      | 0 ||| qw: God list: Okawaru
     0 | D:1      | 0 ||| qw: Allow faded altars: false
     0 | D:1      | 0 ||| qw: Do Orc after D:15 true
     0 | D:1      | 0 ||| qw: Do second Lair branch before Depths: true
     0 | D:1      | 0 ||| qw: Lair rune preference: random
     0 | D:1      | 0 ||| qw: Plans: Normal, Zot:1-4, Slime:5, God:TSO, Crypt,
                  | Tomb, Abyss, Pan, Hells, Win
     0 | D:1      | 0 ||| PLANNING D:1-11
    10 | D:1      | 10 ||| Stepping ~*~*~tactically~*~*~ (stealth).
    15 | D:1      | Reached XP level 2. HP: 10/19 MP: 2/2
    33 | D:1      | 33 ||| FLEEEEING.
    99 | D:1      | Reached skill level 3 in Axes
   173 | D:1      | Reached XP level 3. HP: 11/23 MP: 3/3
   233 | D:1      | 233 ||| DROPPING +0 club.
   264 | D:1      | 264 ||| Stepping ~*~*~tactically~*~*~ (stealth).
   889 | D:1      | 889 ||| UPGRADING to +0 pair of boots of stealth.
   894 | D:1      | 894 ||| UPGRADING to +0 pair of gloves.
   899 | D:1      | 899 ||| UPGRADING to +0 chain mail.
   909 | D:1      | 909 ||| DROPPING +0 scale mail.
   910 | D:1      | 910 ||| UPGRADING to ring of see invisible.
   911 | D:1      | 911 ||| READING 2 scrolls labelled ZAIR RADUOXI.
   911 | D:1      | Identified 2 scrolls of acquirement
   911 | D:1      | 911 ||| ACQUIRING 764 gold pieces
   911 | D:1      | Acquired 764 gold pieces
   912 | D:1      | 912 ||| READING scroll of acquirement.
   912 | D:1      | 912 ||| ACQUIRING ring "Petouss" {Dex+2 Slay+4 Stlth+}
   912 | D:1      | Acquired the ring "Petouss" {Dex+2 Slay+4 Stlth+}
   914 | D:1      | 914 ||| UPGRADING to ring "Petouss" {Dex+2 Slay+4 Stlth+}.
   915 | D:1      | 915 ||| READING 2 scrolls labelled DYEWNOD HEUNE.
   916 | D:1      | 916 ||| READING scroll labelled ZUYJAASMEO.
   997 | D:2      | 997 ||| Stepping ~*~*~tactically~*~*~ (stealth).
  1010 | D:2      | 1010 ||| Stepping ~*~*~tactically~*~*~ (stealth).
  1011 | D:2      | 1011 ||| Stepping ~*~*~tactically~*~*~ (stealth).
  1012 | D:2      | 1012 ||| Stepping ~*~*~tactically~*~*~ (stealth).
  1064 | D:2      | Reached XP level 4. HP: 28/28 MP: 4/4
  1102 | D:2      | 1102 ||| Stepping ~*~*~tactically~*~*~ (stealth).
  1123 | D:2      | 1123 ||| Stepping ~*~*~tactically~*~*~ (stealth).
  1180 | D:2      | 1180 ||| Stepping ~*~*~tactically~*~*~ (stealth).
  1183 | D:2      | Reached skill level 1 in Throwing
  1268 | D:2      | Found a faded altar of an unknown god.
  1275 | D:2      | 1275 ||| Stepping ~*~*~tactically~*~*~ (stealth).
  1645 | D:2      | 1645 ||| UPGRADING to +0 tower shield.
  1655 | D:2      | 1655 ||| DROPPING +0 buckler.
  1656 | D:2      | 1656 ||| UPGRADING to amulet of guardian spirit.
  1661 | D:2      | 1661 ||| UPGRADING to +5 ring of evasion.
  1663 | D:2      | 1663 ||| DROPPING ring of see invisible.
  1664 | D:2      | 1664 ||| READING scroll labelled HAODAY FUSEZ.
  1665 | D:2      | 1665 ||| READING scroll labelled USYK FASIB.
  1666 | D:2      | 1666 ||| DRINKING 3 cyan potions.
  1667 | D:2      | 1667 ||| READING 4 scrolls of identify.
  1667 | D:2      | 1667 ||| IDENTIFYING pink potion
  1668 | D:2      | 1668 ||| READING 3 scrolls of identify.
  1668 | D:2      | 1668 ||| IDENTIFYING bubbling pink potion
  1669 | D:2      | 1669 ||| READING 2 scrolls of identify.
  1669 | D:2      | 1669 ||| IDENTIFYING sedimented clear potion
  1670 | D:2      | 1670 ||| DROPPING potion of degeneration.
  1671 | D:2      | 1671 ||| DROPPING potion of invisibility.
  1672 | D:2      | 1672 ||| DROPPING potion of berserk rage.
  1817 | D:3      | 1817 ||| Stepping ~*~*~tactically~*~*~ (hiding).
  1818 | D:3      | 1818 ||| Stepping ~*~*~tactically~*~*~ (hiding).
  1820 | D:3      | 1820 ||| Stepping ~*~*~tactically~*~*~ (hiding).
  1821 | D:3      | 1821 ||| Stepping ~*~*~tactically~*~*~ (hiding).
  1822 | D:3      | 1822 ||| Stepping ~*~*~tactically~*~*~ (hiding).
  1980 | D:3      | 1980 ||| READING 3 scrolls of identify.
  1980 | D:3      | 1980 ||| IDENTIFYING bubbling clear potion
  1981 | D:3      | 1981 ||| READING 2 scrolls of identify.
  1981 | D:3      | 1981 ||| IDENTIFYING red potion
  1982 | D:3      | 1982 ||| DROPPING potion of flight.
  2044 | D:3      | 2044 ||| READING scroll labelled IFA WOMOPAMPIR.
  2046 | D:3      | 2046 ||| READING scroll labelled UVVATU XARI.
  2047 | D:3      | 2047 ||| READING 2 scrolls of identify.
  2047 | D:3      | 2047 ||| IDENTIFYING murky grey potion
  2065 | D:3      | Reached XP level 5. HP: 32/32 MP: 5/5
  2102 | D:3      | Found Ziqi's Jewellery Shoppe.
  2110 | D:3      | Found a shadowy altar of Dithmenos.
  2112 | D:3      | 2112 ||| BUYING amulet of reflection (390 gold).
  2112 | D:3      | Bought an amulet of reflection for 390 gold pieces
  2112 | D:3      | 2112 ||| BUYING ring of ice (325 gold).
  2112 | D:3      | Bought a ring of ice for 325 gold pieces
  2360 | D:3      | 2360 ||| Stepping ~*~*~tactically~*~*~ (hiding).
  2361 | D:3      | 2361 ||| Stepping ~*~*~tactically~*~*~ (hiding).
  2363 | D:3      | 2363 ||| Stepping ~*~*~tactically~*~*~ (hiding).
  2546 | D:3      | 2546 ||| UPGRADING to amulet of reflection.
  2556 | D:3      | 2556 ||| DROPPING amulet of guardian spirit.
  2643 | D:4      | Reached skill level 4 in Shields
  2910 | D:4      | Found an ancient bone altar of Kikubaaqudgha.
  2941 | D:4      | You fall into a shaft and drop 1 floor!
  2941 | D:5      | Entered Level 5 of the Dungeon
  2941 | D:5      | Found a snail-covered altar of Cheibriados.
  2976 | D:5      | 2976 ||| FLEEEEING.
  2977 | D:5      | 2977 ||| STAIRDANCE
  3104 | D:4      | 3104 ||| SWAPPING to +0 broad axe.
  3107 | D:4      | 3107 ||| DROPPING +0 war axe of draining.
  3135 | D:4      | 3135 ||| Stepping ~*~*~tactically~*~*~ (stealth).
  3162 | D:4      | 3162 ||| Stepping ~*~*~tactically~*~*~ (hiding).
  3164 | D:4      | Found a stormy altar of Qazlal.
  3171 | D:4      | Reached skill level 5 in Shields
  3202 | D:4      | Reached XP level 6. HP: 37/37 MP: 6/6
  3320 | D:4      | 3320 ||| DRINKING 2 green potions.
  3411 | D:5      | Found a glowing golden altar of the Shining One.
  3417 | D:5      | 3417 ||| DRINKING 2 potions of curing.
  3417 | D:5      | 3417 ||| (to cure confusion)
  3427 | D:5      | 3427 ||| DRINKING potion of curing.
  3427 | D:5      | 3427 ||| (to cure confusion)
  3429 | D:5      | Reached skill level 6 in Shields
  3438 | D:5      | Found Tidgh's Distillery.
  3448 | D:5      | 3448 ||| BUYING potion of attraction (36 gold).
  3448 | D:5      | Bought a potion of attraction for 36 gold pieces
  3448 | D:5      | 3448 ||| BUYING potion of attraction (36 gold).
  3448 | D:5      | Bought a potion of attraction for 36 gold pieces
  3448 | D:5      | 3448 ||| BUYING potion of cancellation (96 gold).
  3448 | D:5      | Bought a potion of cancellation for 96 gold pieces
  3448 | D:5      | 3448 ||| SHOPLISTING potion of haste (120 gold, have 112).
  3448 | D:5      | 3448 ||| BUYING potion of heal wounds (60 gold).
  3448 | D:5      | Bought a potion of heal wounds for 60 gold pieces
  3448 | D:5      | 3448 ||| BUYING potion of might (48 gold).
  3448 | D:5      | Bought a potion of might for 48 gold pieces
  3448 | D:5      | 3448 ||| SHOPLISTING potion of might (48 gold, have 4).
  3448 | D:5      | 3448 ||| SHOPLISTING potion of resistance (120 gold, have
                  | 4).
  3461 | D:5      | Noticed Sigmund
  3473 | D:5      | Killed Sigmund
  3474 | D:5      | Reached skill level 7 in Shields
  3474 | D:5      | Reached XP level 7. HP: 41/41 MP: 7/7
  3501 | D:5      | Found a runed translucent door.
  3502 | D:5      | Noticed Crazy Yiuf
  3593 | D:5      | Noticed Menkaure
  3595 | D:5      | 3595 ||| Stepping ~*~*~tactically~*~*~ (hiding).
  3597 | D:5      | 3597 ||| Stepping ~*~*~tactically~*~*~ (hiding).
  3599 | D:5      | 3599 ||| Stepping ~*~*~tactically~*~*~ (hiding).
  3600 | D:5      | 3600 ||| Stepping ~*~*~tactically~*~*~ (hiding).
  3608 | D:5      | Killed Menkaure
  3688 | D:5      | Found Acom's Assorted Antiques.
  3696 | D:5      | 3696 ||| SHOPLISTING potion of curing (93 gold, have 4).
  3696 | D:5      | 3696 ||| SHOPLISTING scroll of identify (62 gold, have 4).
  3696 | D:5      | 3696 ||| SHOPLISTING tourmaline ring (155 gold, have 4).
  3811 | D:5      | Reached skill level 8 in Shields
  3822 | D:5      | Found Zorrecwe's Magic Scroll Shoppe.
  3835 | D:5      | 3835 ||| SHOPLISTING scroll of acquirement (676 gold, have
                  | 20).
  3835 | D:5      | 3835 ||| SHOPLISTING scroll of identify (26 gold, have 20).
  3835 | D:5      | 3835 ||| SHOPLISTING scroll of teleportation (39 gold, have
                  | 20).
  4117 | D:5      | 4117 ||| Stepping ~*~*~tactically~*~*~ (stealth).
  4118 | D:5      | 4118 ||| Stepping ~*~*~tactically~*~*~ (stealth).
  4127 | D:5      | Reached XP level 8. HP: 15/46 MP: 8/8
  4495 | D:5      | 4495 ||| DROPPING ring of positive energy.
  4496 | D:5      | 4496 ||| READING scroll labelled TEPIUL KOTEPP.
  4497 | D:5      | 4497 ||| READING 3 scrolls labelled TABLIE YSUMO.
  4600 | D:6      | Found a staircase to the Ecumenical Temple.
  4601 | D:6      | 4601 ||| PLANNING TEMPLE
  4601 | D:6      | 4601 ||| UPGRADING to +0 cloak.
  4606 | D:6      | 4606 ||| UPGRADING to +0 plate armour.
  4616 | D:6      | 4616 ||| DROPPING +0 chain mail.
  4622 | D:6      | 4622 ||| Stepping ~*~*~tactically~*~*~ (stealth).
  4630 | D:6      | Reached skill level 9 in Shields
  4640 | D:6      | 4640 ||| FLEEEEING.
  4641 | D:6      | 4641 ||| FLEEEEING.
  4642 | D:6      | 4642 ||| FLEEEEING.
  4643 | D:6      | 4643 ||| FLEEEEING.
  4644 | D:6      | 4644 ||| FLEEEEING.
  4647 | D:6      | 4647 ||| FLEEEEING.
  4648 | D:6      | 4648 ||| FLEEEEING.
  4651 | D:6      | 4651 ||| FLEEEEING.
  4652 | D:6      | 4652 ||| FLEEEEING.
  4653 | D:6      | 4653 ||| FLEEEEING.
  4654 | D:6      | 4654 ||| STAIRDANCE
  4725 | D:6      | 4725 ||| STAIRDANCE
  4773 | D:6      | 4773 ||| STAIRDANCE
  4871 | Temple   | Entered the Ecumenical Temple
  4885 | Temple   | 4885 ||| PLANNING D:1-11
  4904 | D:6      | 4904 ||| DROPPING +0 whip.
  4960 | D:6      | HP: 9/48 [ogre/+0 giant spiked club (7)]
  4961 | D:6      | 4961 ||| READING 2 scrolls of teleportation.
  4962 | D:6      | 4962 ||| DRINKING 4 potions of heal wounds.
  5147 | D:6      | Found a radiant altar of Vehumet.
  5156 | D:6      | Reached skill level 6 in Axes
  5306 | D:6      | Found a hide-covered altar of Uskayaw.
  5310 | D:6      | Noticed a +0 hand axe
  5310 | D:6      | Noticed a +0 hand axe
  5344 | D:6      | 5344 ||| DROPPING +1 whip of draining.
  5404 | D:6      | 5404 ||| READING 4 scrolls of identify.
  5404 | D:6      | 5404 ||| IDENTIFYING smoky blue potion
  5443 | D:7      | Reached skill level 1 in Dodging
  5455 | D:7      | Reached XP level 9. HP: 48/52 MP: 9/9
  5459 | D:7      | HP: 11/52 [wight/+0 great sword (13)]
  5460 | D:7      | 5460 ||| READING scroll of teleportation.
  5461 | D:7      | 5461 ||| DRINKING 3 potions of heal wounds.
  5638 | D:7      | Reached skill level 10 in Shields
  5644 | D:7      | 5644 ||| Stepping ~*~*~tactically~*~*~ (stealth).
  5674 | D:7      | 5674 ||| FLEEEEING.
  5981 | D:7      | Noticed Pikel
  6006 | D:7      | 6006 ||| DRINKING potion of curing.
  6006 | D:7      | 6006 ||| (to cure confusion)
  6019 | D:7      | Killed Pikel
  6020 | D:7      | Reached skill level 6 in Fighting
  6478 | D:7      | 6478 ||| DROPPING +6 ring of dexterity.
  6479 | D:7      | 6479 ||| READING scroll labelled ZOSICEPOEN.
  6487 | D:8      | Found a broken altar of Ashenzari.
  6573 | D:8      | 6573 ||| Stepping ~*~*~tactically~*~*~ (hiding).
  6574 | D:8      | 6574 ||| Stepping ~*~*~tactically~*~*~ (hiding).
  6758 | D:8      | 6758 ||| Stepping ~*~*~tactically~*~*~ (hiding).
  6775 | D:8      | 6775 ||| Stepping ~*~*~tactically~*~*~ (stealth).
  6808 | D:8      | 6808 ||| DROPPING +0 flail.
  6894 | D:8      | Reached XP level 10. HP: 61/61 MP: 10/10
  6951 | D:8      | Found a white marble altar of Elyvilon.
  7138 | D:8      | 7138 ||| Stepping ~*~*~tactically~*~*~ (stealth).
  7139 | D:8      | 7139 ||| Stepping ~*~*~tactically~*~*~ (stealth).
  7167 | D:8      | Found an iron altar of Okawaru.
  7168 | D:8      | 7168 ||| PLANNING OKAWARU WORSHIP
  7267 | D:8      | 7267 ||| UPGRADING to +2 hat.
  7272 | D:8      | 7272 ||| READING scroll labelled ZEMENE RUOTOANT.
  7273 | D:8      | 7273 ||| READING scroll labelled PUMPIMUM ZIVO.
  7312 | D:8      | Became a worshipper of Warmaster Okawaru
  7312 | D:8      | 7312 ||| PLANNING D:1-11
  7515 | D:9      | 7515 ||| Stepping ~*~*~tactically~*~*~ (stealth).
  7707 | D:9      | Found an opulent altar of Gozag.
  7710 | D:9      | Found Gozag's Platinum Reserve.
  7721 | D:9      | 7721 ||| SHOPLISTING +0 mace "Tazaklum" {spect, rF+ rC-
                  | Will+ Stlth+} (2290 gold, have 191).
  7721 | D:9      | 7721 ||| SHOPLISTING +4 pair of gloves "Goth" {+Blink rElec
                  | Int+4} (5390 gold, have 191).
  7836 | D:9      | Reached skill level 11 in Shields
  8586 | D:9      | 8586 ||| READING scroll labelled ZIESKIWOQA.
  8587 | D:9      | 8587 ||| READING 5 scrolls of identify.
  8587 | D:9      | 8587 ||| IDENTIFYING sedimented black potion
  8588 | D:9      | 8588 ||| READING 4 scrolls of identify.
  8588 | D:9      | 8588 ||| IDENTIFYING purple potion
  8589 | D:9      | 8589 ||| READING 3 scrolls of identify.
  8589 | D:9      | 8589 ||| IDENTIFYING clear potion
  8590 | D:9      | 8590 ||| READING 2 scrolls of identify.
  8590 | D:9      | 8590 ||| IDENTIFYING fizzy puce potion
  8591 | D:9      | 8591 ||| DROPPING potion of brilliance.
  8592 | D:9      | 8592 ||| DROPPING potion of ambrosia.
  8630 | D:10     | Entered Level 10 of the Dungeon
  8642 | D:10     | Found a glowing silver altar of Zin.
  8667 | D:10     | Noticed Erolcha
  8675 | D:10     | HP: 15/61 [something (24)]
  8682 | D:10     | Mangled by Erolcha

Levels and vault maps discovered:
D:1:      arrival_zaba_pyramid, layout_loops_ring
D:2:      layout_loops_ring, ebering_ecumenical_altar_hall
D:3:      layout_basic, mainiacjoe_overflow_brackets, serial_shops, shop,
          minmay_puff
D:4:      layout_basic, nicolae_qazlal_scattered_showers,
          mainiacjoe_overflow_catwalk
D:5:      layout_basic, general_overflow_altar,
          mainiacjoe_overflow_small_starburst, serial_shops,
          nicolae_shop_crystal, shop, nicolae_shop_peninsula, minivault_25,
          sigmund_army, uniq_menkaure, uniq_crazy_yiuf_cottage, uniq_sigmund
D:6:      layout_rooms, nicolae_vehumet_altar_sigil, dancing_weapons_uskayaw,
          minmay_temple_entry_wispy, lemuel_flamethrower_1
D:7:      layout_basic, uniq_pikel
D:8:      layout_gridville, elyvilon_altar_3,
          mainiacjoe_overflow_concentric_impassable,
          ashenzari_conservatory_becter
D:9:      layout_layer_cave, nicolae_gozag_zags_fifth_avenue,
          minmay_misc_feat_columns, minmay_gold_behind_fungi, nicolae_titane
D:10:     layout_long_grid, nicolae_ru_the_path_less_chosen,
          pdpol_wu_jian_five_deadly_venoms, overflow_temple_1_default,
          nemelex_spade_bored_becter, mainiacjoe_overflow_surrounded_room,
          minmay_misc_feat_more_columns, grunt_ogre_cave, evilmike_minifort,
          uniq_urug, uniq_erolcha
Temple:   hellmonk_temple_rainy

Skill      XL: |  1  2  3  4  5  6  7  8  9 10 |
---------------+-------------------------------+-----
Axes           | 2 3 4 5 6 7 8 |  8.4
Throwing       | 1 2 |  2.0
Shields        | 5 7 8 9 10 11 | 11.0
Fighting       | 4 6 |  6.7
Armour         | 4 5 |  5.0
Dodging        | 1 |  1.5

Action                     |  1- 3 |  4- 6 |  7- 9 | 10-12 || total
---------------------------+-------+-------+-------+-------++-------
  Melee: War axe           |    62 |    47 |       |       ||   109
         Broad axe         |       |    36 |   221 |    62 ||   319
  Throw: Javelin           |     8 |    52 |    41 |    11 ||   112
         Boomerang         |       |       |     6 |       ||     6
    Use: Scroll            |     4 |    10 |     6 |     7 ||    27
         Potion            |       |     4 |     3 |       ||     7
 Armour: Scale mail        |    16 |       |       |       ||    16
         Chain mail        |       |    43 |    32 |       ||    75
         Plate armour      |       |       |    58 |    15 ||    73
  Dodge: Dodged            |    21 |    19 |    87 |    10 ||   137
  Block: Buckler           |     9 |     5 |       |       ||    14
         Tower shield      |       |    45 |   273 |    68 ||   386
         Reflection        |       |     9 |     9 |     4 ||    22

Table legend:
 A = Non-vault XP
 B = Vault XP
 C = Vault XP percentage of total XP
 D = Non-vault monster count
 E = Vault monster count
 F = Vault count percentage of total count
                 A         B        C        D         E       F
            +---------+---------+-------+---------+---------+-------
      Total |    5446 |    1191 |  17.9 |     170 |      13 |   7.1
            +---------+---------+-------+---------+---------+-------
        D:1 |      72 |       0 |   0.0 |      18 |       0 |   0.0
        D:2 |      73 |       0 |   0.0 |      27 |       0 |   0.0
        D:3 |      26 |      18 |  40.9 |      12 |       4 |  25.0
        D:4 |     227 |       0 |   0.0 |      20 |       0 |   0.0
        D:5 |     603 |     406 |  40.2 |      20 |       7 |  25.9
        D:6 |     780 |       0 |   0.0 |      16 |       0 |   0.0
        D:7 |    1257 |     651 |  34.1 |      20 |       1 |   4.8
        D:8 |     865 |       0 |   0.0 |      20 |       0 |   0.0
        D:9 |    1486 |       0 |   0.0 |      16 |       0 |   0.0
       D:10 |      57 |     116 |  67.1 |       1 |       1 |  50.0
            +---------+---------+-------+---------+---------+-------
